 Dungeon Crawl Stone Soup version 0.18-a0-1125-g2bdabe5 (webtiles) character file.

4270 Reinor the Martial Artist (level 10, -9/68 HPs)
             Began as an Octopode Chaos Knight on Jan 20, 2016.
             Mangled by a two-headed hydra (10 damage)
             ... on level 9 of the Dungeon.
             The game lasted 00:31:42 (7644 turns).

Reinor the Martial Artist (Octopode Chaos Knight)   Turns: 7644, Time: 00:31:42

Health: -9/68      AC:  1    Str: 11    XL:     10   Next: 31%
Magic:  10/10      EV: 16    Int: 15    God:    Xom [...*..]
Gold:   312        SH:  0    Dex: 15    Spells: 2 memorised, 1 level left

rFire  . . .     SeeInvis +       - Unarmed
rCold  . . .     Gourm    .     (no shield)
rNeg   . . .     Faith    .     (helmet restricted)
rPois  +         Spirit   .     t - amulet of regeneration
rElec  .         Dismiss  .     i - +4 ring of slaying
rCorr  .         Reflect  .     v - ring of see invisible
SustAt .         Harm     .     g - ring of poison resistance
MR     .....                    K - ring of stealth
Stlth  ++++++....               (no ring)
                                (no ring)
                                (no ring)
                                (no ring)

@: not resistant to hostile enchantments, very stealthy
A: almost no armour, amphibious, 8 rings, constrict 8, tentacle spike 1,
camouflage 1, blurry vision 1, regeneration 1, gelatinous body 1
a: Renounce Religion


You were on level 9 of the Dungeon.
You worshipped Xom.
You were a favourite toy of Xom.
You were not hungry.

You visited 1 branch of the dungeon, and saw 9 of its levels.

You collected 474 gold pieces.
You spent 162 gold pieces at shops.

Inventory:

Armour
 E - a +0 shield
Magical Staves
 C - an uncursed staff of wizardry
 F - an uncursed staff of summoning
Jewellery
 g - a ring of poison resistance (on tentacle)
 i - a +4 ring of slaying (left tentacle)
 t - an amulet of regeneration (around mantle)
 v - a ring of see invisible (right tentacle)
 K - a ring of stealth (on tentacle)
Wands
 b - a wand of flame (12/48)
 c - a wand of slowing (31/48)
 o - a wand of confusion (24/48)
 r - a wand of invisibility (9/9)
 z - a wand of fire (9/15)
 B - a wand of disintegration (18/24)
 G - a wand of cold (7/15)
 J - a wand of digging (17/24)
Scrolls
 m - 3 scrolls of teleportation
 p - 7 scrolls of remove curse
 w - 2 scrolls of magic mapping
 y - 2 scrolls of blinking
 A - a scroll of fear
 D - a scroll of recharging
Potions
 e - 2 potions of heal wounds
 f - 2 potions of might
 h - a potion of mutation {unknown}
 k - 4 potions of curing
 l - 2 potions of poison {unknown}
 q - 4 potions of flight
 s - 3 potions of resistance
 u - 2 potions of ambrosia
 x - a potion of agility
 H - a potion of berserk rage {unknown}
Books
 I - a book of Transfigurations

   Spells                             Type                      Level
   a - Stoneskin                      Transmutation/Earth          2
   b - Irradiate                      Conjuration/Transmutation    5
   c - Statue Form                    Transmutation/Earth          6
   d - Hydra Form                     Transmutation                6
   e - Dragon Form                    Transmutation                7
Comestibles
 a - 10 bread rations
 d - 15 fruits
 j - a beef jerky
 n - 2 meat rations
 L - 2 chunks of flesh


   Skills:
 - Level 6.3 Fighting
 + Level 6.5 Dodging
 - Level 8.0 Stealth
 - Level 11.0 Unarmed Combat


You had one spell level left.
You knew the following spells:

 Your Spells              Type           Power        Failure   Level  Hunger
a - Stoneskin             Trmt/Erth      #.......     38%         2    ###....
b - Statue Form           Trmt/Erth      #........    100%        6    #######


Dungeon Overview and Level Annotations

Branches:
Dungeon (9/15)             Temple (0/1) D:4
   Lair: D:8-11         Orc: D:9-12

Altars:
Ashenzari
Cheibriados
Elyvilon
Fedhas
Makhleb
Nemelex Xobeh
Pakellas
Qazlal
Ru
Sif Muna
Trog
Xom
Zin

Shops:
D:4 [   D:5 ?   D:9 (


Innate Abilities, Weirdness & Mutations

You cannot wear most types of armour.
You are amphibious.
You can wear up to eight rings at the same time.
You can use your tentacles to constrict eight enemies at once.
Your skin changes colour to match your surroundings (Stealth).
Your rubbery body absorbs attacks (AC +1).
One of your tentacles bears a spike.
Scrolls take you a little longer to read.
Your natural rate of healing is unusually fast.


Message History

The big kobold hits you with a whip.
The yak bellows!
You bludgeon the big kobold!
You kill the big kobold!
You completely miss the two-headed hydra.
You tentacle-slap the two-headed hydra. You squeeze the two-headed hydra!
The two-headed hydra is moderately wounded.
The two-headed hydra barely misses you. x2
You bludgeon the two-headed hydra!
You pierce the two-headed hydra.
The two-headed hydra is heavily wounded.
The two-headed hydra bites you! x2
* * * LOW HITPOINT WARNING * * *
A big kobold opens the gate.
You see here a falchion of flaming.
The two-headed hydra bites you!
* * * LOW HITPOINT WARNING * * *
Xom thinks this is hilarious!
The two-headed hydra bites you!
You die...
Xom roars with laughter!

#.......# #
##########.##
#
#.%+...%%#.#
#
#).#YK...#.#
#
#)###Y''##.#
#
#.≈P..Y..#.#
#
#P≈Y...%.#.#
#
#≈DP..P..#.#
#P≈@.....#.#
#PP≈.≈.≈.#.#
#####.####.#
#......#
########


You could see a two-headed hydra, 2 yaks, a big kobold (wandering) and 2 sheep.

Vanquished Creatures
  An unseen horror (D:8)
  A troll (D:9)
  2 wyverns
  A hippogriff (D:7)
  2 hungry ghosts (D:8)
  Eustachio (D:4)
  A water moccasin (D:8)
  3 orc warriors
  A black bear (D:7)
  An ogre (D:6)
  A sky beast (D:5)
  A necrophage (D:6)
  2 centaurs
  The ghost of Welfe the Sneak, an amateur HaAs (D:3)
  2 big kobolds (D:9)
  5 giant frogs
  2 scorpions
  3 wights (D:8)
  A crimson imp (D:7)
  A giant frog zombie (D:9)
  5 hounds
  A gnoll shaman (D:4)
  2 orc priests
  Crazy Yiuf (D:2)
  5 orc wizards
  A centaur skeleton (D:4)
  Jessica (D:2)
  Natasha (thrice) (D:2)
  An iguana (D:4)
  4 worker ants
  A hound skeleton (D:6)
  2 worker ant zombies
  3 gnolls (D:4)
  11 adders
  4 shadow imps
  3 worms
  5 giant geckos
  20 orcs
  15 bats
  7 giant cockroaches
  6 hobgoblins
  16 jackals
  4 quokkas
  2 ball pythons
  5 giant newts
  12 goblins
  10 kobolds
  A quokka zombie (D:6)
  3 rats
187 creatures vanquished.

Notes
Turn   | Place    | Note
--------------------------------------------------------------
     0 | D:1      | Reinor the Octopode Chaos Knight began the quest for the Orb.
     0 | D:1      | Reached XP level 1. HP: 16/16 MP: 1/1
   120 | D:1      | Reached XP level 2. HP: 19/21 MP: 2/2
   347 | D:1      | Reached skill level 4 in Unarmed Combat
   405 | D:1      | Reached XP level 3. HP: 21/26 MP: 3/3
   612 | D:1      | XOM is BORED!
   612 | D:1      | XOM: mild Divn miscast
  1140 | D:2      | XOM: divination: detect creatures
  1294 | D:2      | Found a burning altar of Makhleb.
  1297 | D:2      | Found a glowing silver altar of Zin.
  1297 | D:2      | Noticed an angel
  1297 | D:2      | Noticed a green death
  1302 | D:2      | Noticed Natasha
  1309 | D:2      | Killed Natasha
  1309 | D:2      | Reached skill level 5 in Unarmed Combat
  1309 | D:2      | Reached XP level 4. HP: 23/31 MP: 4/4
  1348 | D:2      | Noticed Natasha
  1352 | D:2      | Killed Natasha
  1437 | D:2      | Noticed Natasha
  1450 | D:2      | Killed Natasha
  1450 | D:2      | Reached XP level 5. HP: 20/36 MP: 5/5
  1456 | D:2      | Found a faded altar to an unknown god.
  1598 | D:2      | Noticed Jessica
  1601 | D:2      | Killed Jessica
  1603 | D:2      | Reached skill level 6 in Unarmed Combat
  1722 | D:2      | Noticed Crazy Yiuf
  1735 | D:2      | Killed Crazy Yiuf
  1800 | D:2      | XOM: scenery: create altars
  1820 | D:2      | XOM: harmless Hex miscast
  2155 | D:3      | XOM: harmless Ice miscast
  2222 | D:3      | Noticed Welfe's ghost (amateur HaAs)
  2222 | D:3      | XOM: divination: magic mapping
  2228 | D:3      | XOM: potion effect (might)
  2233 | D:3      | Killed Welfe's ghost
  2233 | D:3      | Reached XP level 6. HP: 28/42 MP: 6/6
  2382 | D:3      | XOM is BORED!
  2382 | D:3      | XOM: medium Pois miscast
  2846 | D:3      | XOM: colour smoke trail
  2866 | D:4      | Noticed Eustachio
  2886 | D:4      | XOM: butterfly on damage
  3135 | D:4      | Found a blossoming altar of Fedhas.
  3156 | D:4      | XOM: silly message
  3160 | D:4      | XOM: god gift: twisted lead wand {god gift}
  3162 | D:4      | Reached skill level 5 in Dodging
  3162 | D:4      | Reached XP level 7. HP: 41/46 MP: 7/7
  3186 | D:4      | Found a staircase to the Ecumenical Temple.
  3247 | D:4      | Found a bloodstained altar of Trog.
  3356 | D:4      | Found Ycruachi's Armour Emporium.
  3403 | D:4      | Killed Eustachio
  3420 | D:4      | Reached skill level 1 in Stealth
  3647 | D:4      | XOM: god gift: pearl ring {god gift}
  3705 | D:5      | Entered Level 5 of the Dungeon
  3705 | D:5      | XOM: 1-stop teleportation journey
  3753 | D:5      | XOM: divination: detect creatures
  3963 | D:5      | Reached skill level 5 in Stealth
  3994 | D:5      | Reached XP level 8. HP: 47/52 MP: 8/8
  4027 | D:5      | Gained mutation: Your natural rate of healing is unusually fast. [mutagenic meat]
  4028 | D:5      | Gained mutation: Scrolls take you a little longer to read. [mutagenic meat]
  4029 | D:5      | Gained mutation: You are partially covered in iridescent scales (AC +4). [mutagenic meat]
  4030 | D:5      | Gained mutation: One of your tentacles bears a spike. [mutagenic meat]
  4032 | D:5      | Lost mutation: You are partially covered in iridescent scales (AC +4). [mutagenic meat]
  4192 | D:5      | XOM: vitrification
  4210 | D:5      | Found Neopp's Magic Scroll Shop.
  4243 | D:5      | Bought a scroll of identify for 24 gold pieces
  4243 | D:5      | Bought a scroll of identify for 24 gold pieces
  4243 | D:5      | Bought a scroll of blinking for 90 gold pieces
  4243 | D:5      | Bought a scroll of identify for 24 gold pieces
  4422 | D:5      | XOM: vitrification
  4499 | D:6      | Reached skill level 7 in Stealth
  4653 | D:6      | XOM: chaos upgrade
  4683 | D:6      | XOM: cast spell 'Cause Fear'
  4685 | D:6      | XOM: harmless Tloc miscast
  4690 | D:6      | Reached skill level 8 in Stealth
  4718 | D:6      | XOM: mild Ice miscast
  4751 | D:6      | Found a sparkling altar of Nemelex Xobeh.
  4968 | D:6      | Reached skill level 5 in Fighting
  5161 | D:6      | Found a sacrificial altar of Ru.
  5329 | D:7      | XOM: god gift: twisted smoking staff {god gift}
  5357 | D:7      | Reached XP level 9. HP: 29/62 MP: 9/9
  5363 | D:7      | XOM: vitrification
  5608 | D:7      | XOM: vitrification
  6259 | D:8      | Noticed an unseen horror
  6269 | D:8      | Killed an unseen horror
  6269 | D:8      | Reached skill level 9 in Unarmed Combat
  6282 | D:8      | XOM: 2-stop teleportation journey
  6283 | D:8      | XOM: blink monster(s)
  6320 | D:8      | XOM: blink monster(s)
  6415 | D:8      | XOM: 4-stop teleportation journey
  6461 | D:8      | Reached skill level 10 in Unarmed Combat
  6621 | D:8      | Reached XP level 10. HP: 53/68 MP: 10/10
  6689 | D:8      | Found a deep blue altar of Sif Muna.
  6693 | D:8      | Found a shattered altar of Ashenzari.
  6697 | D:8      | Found an oddly glowing altar of Pakellas.
  6732 | D:8      | XOM: divination: detect items
  6825 | D:8      | XOM: divination: magic mapping
  7056 | D:8      | Learned a level 2 spell: Stoneskin
  7063 | D:8      | Learned a level 6 spell: Statue Form
  7121 | D:8      | XOM: cast spell 'Statue Form'
  7350 | D:9      | XOM: divination: detect items
  7366 | D:9      | Found a stormy altar of Qazlal.
  7375 | D:9      | Reached skill level 11 in Unarmed Combat
  7412 | D:9      | XOM: mild Fire miscast
  7519 | D:9      | XOM is BORED!
  7519 | D:9      | XOM: mild Conj miscast
  7521 | D:9      | Found a white marble altar of Elyvilon.
  7521 | D:9      | Found Agireask's Antique Weapon Boutique.
  7521 | D:9      | XOM: 6-stop teleportation journey
  7552 | D:9      | Found a snail-covered altar of Cheibriados.
  7630 | D:9      | Noticed a two-headed hydra
  7644 | D:9      | HP: 1/68 [two-headed hydra (17)]
  7644 | D:9      | Mangled by a two-headed hydra

Vault maps used:
D:1:      dpeg_arrival_round_a
D:2:      grunt_temple_overflow_order_and_chaos_2, ecumenical_altar_2,
          uniq_natasha, uniq_crazy_yiuf_cottage, uniq_jessica
D:4:      bloody_trog, lemuel_crystal_altar, minmay_temple_entry_glassed_door,
          serial_shops, nicolae_shop_trees, uniq_eustachio
D:5:      first_bread, serial_shops, nicolae_shop_statue_plus
D:6:      lemuel_round_altar, marbit_many_paths
D:7:      due_unseen_surprise
D:8:      nicolae_overflow_hidden_temple
D:9:      lemuel_round_altar, nicolae_qazlal_eye_of_the_storm,
          kennysheep_little_box, serial_shops, shop, hangedman_ranch

Action                   |  1- 3 |  4- 6 |  7- 9 | 10-12 || total
-------------------------+-------+-------+-------+-------++-------
Melee: Unarmed           |    86 |   102 |   204 |    51 ||   443
Evoke: Wand              |       |     1 |     1 |       ||     2
  Use: Scroll            |     3 |     2 |    11 |     3 ||    19
       Potion            |       |     1 |     1 |       ||     2
 Stab: Sleeping          |     4 |     6 |    20 |     7 ||    37
  Eat: Chunk             |     1 |     6 |    16 |     2 ||    25
       Meat ration       |       |       |     1 |       ||     1
       Fruit             |       |       |       |     4 ||     4
